 Dungeon Crawl Stone Soup version 0.29-a0-322-g68df515428 (webtiles) character file.

Game seed: 11525717589670958111

475 croobank the Skirmisher (level 7, 0/61 HPs)
             Began as a Hill Orc Fighter on Apr 7, 2022.
             Was a Follower of Beogh.
             Slain by a mummy (12 damage)
             ... in an ossuary.
             The game lasted 00:12:32 (2916 turns).

croobank the Skirmisher (Hill Orc Fighter)          Turns: 2916, Time: 00:12:32

Health: 0/61       AC:  8    Str: 21    XL:     7   Next: 10%
Magic:  7/7        EV:  9    Int:  8    God:    Beogh [*.....]
Gold:   113        SH:  5    Dex: 10    Spells: 6/6 levels left

rFire   . . .      SeeInvis .   a - +0 war axe
rCold   . . .      Faith    .   c - +0 buckler
rNeg    . . .      Spirit   .   b - +0 scale mail
rPois   .          Reflect  .   (no helmet)
rElec   .          Harm     .   (no cloak)
rCorr   .          Rampage  .   (no gloves)
Will    .....                   j - +0 pair of boots
Stlth   ..........              (no amulet)
HPRegen 0.20/turn               (no ring)
MPRegen 0.10/turn               (no ring)

@: mighty
A: no striking features
a: Renounce Religion


You were in an ossuary.
You worshipped Beogh.
Beogh was aware of your devotion.
You visited 1 branch of the dungeon, and saw 4 of its levels.
You also visited: Ossuary.

You collected 113 gold pieces.

Inventory:

Hand Weapons
 a - a +0 war axe (weapon)
 l - a +0 battleaxe
Missiles
 e - 106 stones (quivered)
 m - 6 poisoned darts
Armour
 b - a +0 scale mail (worn)
 c - a +0 buckler (worn)
 j - a +0 pair of boots (worn)
 x - a +1 ring mail of cold resistance
Jewellery
 w - a ring of fire
Scrolls
 f - 2 scrolls of teleportation
 g - a scroll of magic mapping {unknown}
 n - 2 scrolls of enchant weapon {unknown}
 o - a scroll of identify {unknown}
 q - a scroll of noise {unknown}
 u - a scroll of fear {unknown}
Potions
 d - a potion of might
 h - 2 potions of invisibility {unknown}
 i - 3 potions of ambrosia {unknown}
 p - 4 potions of curing {unknown}
 r - 4 potions of heal wounds {unknown}
 s - 2 potions of attraction {unknown}
 t - a potion of cancellation {unknown}
 v - a potion of flight {unknown}


   Skills:
 + Level 5.6 Fighting
 + Level 5.4 Axes
 + Level 5.1 Armour
 + Level 5.1 Shields


You had 6 spell levels left.
You didn't know any spells.
Your spell library contained the following spells:

 Spells                   Type           Power      Damage    Failure   Level
 Blink                    Tloc           0%         N/A       91%         2
 Lesser Beckoning         Tloc           0%         N/A       99%         3
 Manifold Assault         Tloc           0%         N/A       100%        5


Dungeon Overview and Level Annotations

Branches:
Dungeon (4/15)             Temple (0/1) D:4         Ossuary (1/1)

Altars:
Zin

Shops:
D:1 (


Message History

Beogh accepts your kill.
You start resting.
HP restored. 2 mummies come into view.
There is an empty arch of ancient stone here.
There is an empty arch of ancient stone here.
The mummy hits you but does no damage. You block the mummy's attack.
You closely miss the mummy. You hit the mummy.
You hit the mummy but do no damage.
The mummy is lightly damaged.
You hit the mummy. The mummy hits you! You block the mummy's attack.
You hit the mummy but do no damage.
The mummy is moderately damaged.
You hit the mummy but do no damage. The mummy hits you.
The mummy closely misses you.
You barely miss the mummy.
The mummy is moderately damaged.
You hit the mummy but do no damage. The mummy hits you! The mummy hits you.
You hit the mummy.
The mummy is moderately damaged.
You hit the mummy. You hit the mummy.
The mummy is severely damaged.
You barely miss the mummy. The mummy hits you! The mummy completely misses you.
You are too injured to fight recklessly!
You are too injured to fight recklessly!
You are too injured to fight recklessly!
You are too injured to fight recklessly!
You are too injured to fight recklessly!
You are too injured to fight recklessly!
You slash the mummy!
The mummy is severely damaged.
You hit the mummy but do no damage. You hit the mummy but do no damage.
The mummy is severely damaged.
You hit the mummy. The mummy hits you! x2
* * * LOW HITPOINT WARNING * * *
You feel very mighty all of a sudden. The mummy hits you!
You die...

#....#
#....#
#....#
#....#
#....#
#....#
#....#
#..MM#
#.∩∩@#
######


You could see 2 mummies.

Vanquished Creatures
  An ogre (D:2)
  A phantom (D:3)
  A hound (D:4)
  2 orc priests (D:4)
  2 iguanas (D:4)
  4 orc wizards (D:4)
  2 mummies (Ossuary)
  An adder (D:2)
  2 dart slugs
  3 orcs
  8 bats
  5 endoplasms
  3 goblins
  5 hobgoblins
  3 quokkas
  5 ball pythons
  6 frilled lizards
  2 gnoll zombies (Ossuary)
  A hobgoblin zombie (Ossuary)
  3 kobolds
  A kobold zombie (Ossuary)
  3 orc zombies (Ossuary)
  5 rats
69 creatures vanquished.

Notes
Turn   | Place    | Note
-------+----------+-------------------------------------------
     0 | D:1      | croobank the Hill Orc Fighter began the quest for the Orb.
     0 | D:1      | Reached XP level 1. HP: 19/19 MP: 1/1
   193 | D:1      | Found a faded altar of an unknown god.
   289 | D:1      | Reached XP level 2. HP: 27/27 MP: 2/2
   631 | D:1      | Found Xusmioh's Antique Weapon Boutique.
   831 | D:1      | You fall into a shaft and drop 1 floor!
   839 | D:2      | Reached XP level 3. HP: 33/33 MP: 3/3
   904 | D:2      | Noticed an ogre
   916 | D:2      | Killed an ogre
   917 | D:2      | Reached XP level 4. HP: 41/41 MP: 4/4
   946 | D:2      | Became a worshipper of Beogh the Brigand
  1009 | D:2      | Reached XP level 5. HP: 46/47 MP: 5/5
  1404 | D:3      | Noticed a phantom
  1425 | D:3      | Killed a phantom
  2115 | D:4      | Found a staircase to the Ecumenical Temple.
  2143 | D:4      | Reached skill level 5 in Fighting
  2143 | D:4      | Reached XP level 6. HP: 56/56 MP: 6/6
  2285 | D:4      | Reached skill level 5 in Axes
  2395 | D:4      | Found a glowing silver altar of Zin.
  2447 | D:4      | Reached * piety under Beogh
  2448 | D:4      | Reached skill level 5 in Armour
  2448 | D:4      | Reached skill level 5 in Shields
  2455 | D:4      | Reached XP level 7. HP: 18/61 MP: 7/7
  2469 | D:4      | Found a sand-covered staircase.
  2481 | Ossuary  | Entered an ossuary
  2916 | Ossuary  | Slain by a mummy

Illustrated notes

Levels and vault maps discovered:
D:1:      dpeg_arrival_simpleton_a, layout_loops_corners, serial_shops,
          nicolae_shop_advertising_works [nicolae_subvault_shop_adworks],
          ebering_ecumenical_altar_box, chequers_serial_rivers_small_a
D:2:      layout_basic
D:3:      layout_loops_ring
D:4:      layout_rooms, dancing_weapons_uskayaw,
          mainiacjoe_overflow_catwalk_spiral,
          minmay_temple_entry_drinking_statues,
          lightli_ossuary_entry_decrepit_ruins
Ossuary:  ossuary_tomb_3

Skill      XL: |  1  2  3  4  5  6 |
---------------+-------------------+-----
Axes           | 3 4 5 |  5.4
Fighting       | 4 5 |  5.6
Armour         | 4 5 |  5.1
Shields        | 4 5 |  5.1

Action                   |  1- 3 |  4- 6 |  7- 9 || total
-------------------------+-------+-------+-------++-------
Melee: War axe           |    45 |   110 |    31 ||   186
Throw: Throwing net      |     2 |     1 |     2 ||     5
       Dart              |     2 |       |       ||     2
Invok: Convert to Beogh  |       |     1 |       ||     1
  Use: Scroll            |       |     1 |       ||     1
       Potion            |       |     2 |     1 ||     3
 Stab: Held in net/web   |     1 |       |       ||     1
Armor: Scale mail        |    15 |    48 |     9 ||    72
Dodge: Dodged            |    21 |    43 |     5 ||    69
Block: Buckler           |     8 |    26 |     4 ||    38

Table legend: (Time is in decaauts)
 A = Elapsed time spent in this place.
 B = Non-inter-level travel time spent in this place.
 C = Inter-level travel time spent in this place.
 D = Time resting spent in this place.
 E = Time spent auto-exploring this place.
 F = Levels seen in this place.
 G = Mean time per level.
                   A        B        C        D        E       F      G
               +--------+--------+--------+--------+--------+-----+--------+
         Total |   2977 |   2868 |    109 |    354 |   1904 |   5 |  595.4 |
       Dungeon |   2535 |   2426 |    109 |      0 |   1899 |   4 |  633.8 |
       Ossuary |    442 |    442 |      0 |    354 |      5 |   1 |  442.0 |
               +--------+--------+--------+--------+--------+-----+--------+

Top non-repeatable levels by time:
     D:1: 845 daAuts
     D:3: 758 daAuts
     D:2: 554 daAuts
 Ossuary: 442 daAuts
     D:4: 377 daAuts
